 Dungeon Crawl Stone Soup version 0.29.0-15-g675c0067aa (webtiles) character file.

Game seed: 1375554954603951099

2076 MsFixIt the Carver (level 9, -1/78 HPs)
             Began as a Pale Draconian Berserker on Sept 11, 2022.
             Was a Priest of Trog.
             Slain by an orc warrior
             ... wielding a +0 mace
              (5 damage)
             ... on level 5 of the Dungeon on Sept 12, 2022.
             The game lasted 01:17:12 (7796 turns).

MsFixIt the Carver (Pale Draconian Berserker)       Turns: 7796, Time: 01:17:12

Health: -1/78      AC:  7    Str: 22    XL:     9   Next: 6%
Magic:  0/9        EV: 18    Int:  8    God:    Trog [***...]
Gold:   355        SH:  0    Dex: 12    Spells: 8/8 levels left

rFire   + . .      SeeInvis .   a - +0 falchion
rCold   + . .      Faith    .   (no shield)
rNeg    . . .      Spirit   +   (body armour unavailable)
rPois   .          Reflect  .   (helmet restricted)
rElec   .          Harm     .   w - scarf {rC+ rF+}
rCorr   .          Rampage  .   (no gloves)
Will    .....                   (no boots)
Stlth   ++........              l - amulet of guardian spirit
HPRegen 0.23/turn               B - +4 ring of evasion
MPRegen 0.11/turn               (no ring)

@: short of breath
A: breathe steam, AC +7, unfitting armour, cold-blooded, steam resistance
a: Breathe Steam, Renounce Religion, Berserk, Trog's Hand


You were on level 5 of the Dungeon.
You worshipped Trog.
Trog was most pleased with you.
You visited 1 branch of the dungeon, and saw 6 of its levels.

You collected 355 gold pieces.

Inventory:

Hand Weapons
 a - a +0 falchion (weapon)
 b - a +0 mace
 d - a +0 war axe
 g - a +1 hand axe of flaming
 p - a +1 spear of flaming
 s - a +0 spear
 A - a +2 dagger of distortion
Missiles
 f - 21 stones (quivered)
 i - 2 throwing nets
 r - 8 boomerangs
Armour
 o - a +0 cloak
 w - a scarf of resistance (worn)
Jewellery
 l - an amulet of guardian spirit (around neck)
 m - a ring of resist corrosion
 y - an amulet of guardian spirit
 B - a +4 ring of evasion (left hand)
Scrolls
 c - 3 scrolls of butterflies
 h - a scroll of identify
 j - a scroll of enchant armour {unknown}
 k - a scroll of magic mapping {unknown}
 q - 5 scrolls of teleportation
 u - 2 scrolls of acquirement {unknown}
 C - a scroll of enchant weapon {unknown}
 F - a scroll of torment {unknown}
 G - a scroll of amnesia {unknown}
Potions
 e - a potion of magic {unknown}
 n - a potion of flight {unknown}
 t - a potion of mutation {unknown}
 v - a potion of degeneration {unknown}
 x - a potion of resistance {unknown}
 z - a potion of might {unknown}
 D - 2 potions of lignification
 E - 2 potions of heal wounds {unknown}


   Skills:
 + Level 6.7 Fighting
 + Level 8.6 Long Blades
 + Level 1.3 Throwing
 + Level 6.3 Dodging
 + Level 2.0 Stealth


You had 8 spell levels left.
You didn't know any spells.
Your spell library contained the following spells:

 Spells                   Type           Power      Damage    Failure   Level
 Apportation              Tloc           0%         N/A       41%         1
 Necrotise                Necr           0%         1d4       41%         1
 Sandblast                Erth           0%         2d4       41%         1
 Summon Small Mammal      Summ           0%         N/A       41%         1
 Passwall                 Tmut/Erth      0%         N/A       54%         2
 Call Canine Familiar     Summ           0%         N/A       78%         3
 Dazzling Flash           Conj/Hex       0%         N/A       78%         3
 Stone Arrow              Conj/Erth      0%         3d7       78%         3
 Summon Guardian Golem    Hex/Summ       0%         N/A       78%         3
 Agony                    Necr           0%         N/A       100%        5
 Silence                  Hex/Air        0%         N/A       100%        5


Dungeon Overview and Level Annotations

Branches:
Dungeon (6/15)
 Temple: D:4-7

Altars:
Ashenzari
Fedhas
Qazlal
Vehumet

Shops:
D:2 [   D:4 *


Innate Abilities, Weirdness & Mutations

You can breathe blasts of scalding, opaque steam.
Your pale cyan-grey scales are hard. (AC +7)
You cannot fit into any form of body armour.
You are cold-blooded and may be slowed by cold attacks.
You are immune to the effects of steam.


Message History

You barely miss the orc warrior.
The orc warrior is moderately wounded.
The orc warrior closely misses you.
You hit the orc warrior but do no damage.
You tail-slap the orc warrior, but do no damage.
The orc warrior is moderately wounded.
The orc warrior misses you.
You hit the orc warrior.
The orc warrior is heavily wounded.
The orc warrior barely misses you.
You completely miss the orc warrior.
The orc warrior is heavily wounded.
The orc warrior hits you with a +0 mace!
* * * LOW HITPOINT WARNING * * *
You closely miss the orc warrior.
Your tail-slap misses the orc warrior.
The orc warrior is heavily wounded.
The orc warrior closely misses you.
You hit the orc warrior but do no damage.
The orc warrior is heavily wounded.
You barely miss the orc warrior.
Your tail-slap misses the orc warrior.
The orc warrior is heavily wounded.
The orc warrior hits you with a +0 mace.
* * * LOW HITPOINT WARNING * * *
Aiming: Breathe Steam (1% risk of failure)
Press: ? - help, Shift-Dir - straight line, f - orc warrior
Aim: an orc warrior, wielding a +0 mace and wearing a +0 plate armour (heavily wounded, 71% to hit)
You exhale a blast of scalding steam.
The ball of steam hits the orc warrior.
The orc warrior is severely wounded.
The orc warrior is engulfed in a cloud of scalding steam.
The orc warrior barely misses you.
Okay, then.
You are too injured to fight recklessly!
Okay, then.
The orc warrior attacks as you move away!
The orc warrior hits you with a +0 mace.
* * * LOW HITPOINT WARNING * * *
The orc warrior is engulfed in a cloud of scalding steam.
The orc warrior attacks as you move away!
The orc warrior hits you with a +0 mace.
You die...

##.####..###.##.#######.#
#.....#.).###....##.....
#.....####.............. #.....#
#..#.#######.## #.....# #.##.#
#.# #.....## #.##.# #.#
###....###.##.# ##.#
#........##.# ##..#
##########.###@#..##.# ##..###
#..........###o...##.# #..##.#
#...........###......####......
#...........###.§.#.##.........
#...............>......#.......
########.###...........#.......
#....#.......#..........
####.##.#....#..........
###########...>.......§..........


You could see an orc warrior.

Vanquished Creatures
  Sigmund (D:4)
  Menkaure (D:6)
  A water moccasin (D:4)
  2 ice beasts (D:6)
  3 ogres
  A black bear (D:5)
  A phantom (D:4)
  2 gnoll sergeants (D:6)
  3 scorpions
  A howler monkey (D:5)
  4 hounds
  2 jellies
  4 orc priests
  4 iguanas
  Robin (D:3)
  8 adders
  12 gnolls
  A shadow imp (D:6)
  2 white imps (D:6)
  2 worms
  A dart slug (D:5)
  11 orcs
  5 ball pythons
  5 endoplasms
  3 giant cockroaches
  15 goblins
  9 hobgoblins
  7 jackals
  6 kobolds
  3 quokkas
  6 bats
  2 frilled lizards
  5 rats
134 creatures vanquished.

Vanquished Creatures (others)
  3 fungi (D:4)
  2 plants (D:4)
  4 toadstools (D:4)
9 creatures vanquished.

Grand Total: 143 creatures vanquished

Notes
Turn   | Place    | Note
-------+----------+-------------------------------------------
     0 | D:1      | MsFixIt the Draconian Berserker began the quest for the
                  | Orb.
     0 | D:1      | Reached XP level 1. HP: 19/19 MP: 1/1
   283 | D:1      | Reached XP level 2. HP: 20/26 MP: 2/2
  1204 | D:1      | Reached XP level 3. HP: 33/33 MP: 3/3
  1369 | D:2      | Noticed a scorpion
  1379 | D:2      | Killed a scorpion
  1380 | D:2      | Reached skill level 4 in Long Blades
  1380 | D:2      | Reached XP level 4. HP: 30/40 MP: 4/4
  1809 | D:2      | Found Vuggeed's Armour Emporium.
  1866 | D:2      | Reached ** piety under Trog
  1880 | D:2      | You fall into a shaft and drop 1 floor!
  2177 | D:3      | Noticed Robin
  2193 | D:3      | Killed Robin
  2194 | D:3      | Reached XP level 5. HP: 31/47 MP: 5/5
  3063 | D:2      | Found a faded altar of an unknown god.
  3541 | D:4      | Noticed an ogre
  3543 | D:4      | Noticed Sigmund
  3554 | D:4      | Killed Sigmund
  3555 | D:4      | Reached skill level 5 in Long Blades
  3555 | D:4      | Reached XP level 6. HP: 50/55 MP: 6/6
  3558 | D:4      | Reached skill level 1 in Stealth
  3939 | D:4      | Identified the +5 ring mail "Zasep" {+Blink rPois rC-
                  | Str+5}
  3968 | D:4      | Reached skill level 5 in Fighting
  3968 | D:4      | Your scales start taking on a pale cyan-grey colour.
  3968 | D:4      | Reached XP level 7. HP: 43/61 MP: 7/7
  3968 | D:4      | Gained mutation: You are immune to the effects of steam.
                  | [Pale Draconian growth]
  4108 | D:4      | Found a radiant altar of Vehumet.
  4138 | D:4      | Reached skill level 6 in Long Blades
  4361 | D:4      | Found a stormy altar of Qazlal.
  4361 | D:4      | Found a blossoming altar of Fedhas.
  4394 | D:4      | Found Rauronai's General Store.
  4427 | D:4      | Reached *** piety under Trog
  5359 | D:5      | Entered Level 5 of the Dungeon
  5412 | D:5      | Reached skill level 5 in Dodging
  5760 | D:5      | Reached skill level 7 in Long Blades
  5760 | D:5      | Reached XP level 8. HP: 69/69 MP: 8/8
  5766 | D:5      | Found a broken altar of Ashenzari.
  6937 | D:6      | Reached skill level 8 in Long Blades
  7006 | D:5      | Reached skill level 1 in Throwing
  7416 | D:6      | Noticed Menkaure
  7431 | D:6      | Killed Menkaure
  7432 | D:6      | Reached XP level 9. HP: 23/78 MP: 4/9
  7792 | D:5      | HP: 3/78 [orc warrior/+0 mace (2)]
  7796 | D:5      | Slain by an orc warrior

Illustrated notes

Levels and vault maps discovered:
D:1:      dpeg_arrival_boxorama, layout_basic, minmay_misc_feat_tiny
D:2:      layout_basic, ebering_ecumenical_altar_sacrificial, serial_shops,
          nicolae_shop_statue_plus
D:3:      layout_loops_ring, uniq_robin
D:4:      layout_basic, gammafunk_temple_overflow_forgotten, serial_shops,
          nicolae_shop_hallway_plus, minmay_gold_behind_fungi, uniq_sigmund
D:5:      layout_rooms, nicolae_ashenzari_skybound
D:6:      layout_cave_pods, minmay_circle_x, uniq_blork_the_orc, uniq_menkaure

Skill      XL: |  1  2  3  4  5  6  7  8 |
---------------+-------------------------+-----
Dodging        | 3 4 5 6 |  6.3
Fighting       | 4 5 6 |  6.7
Long Blades    | 4 5 7 8 |  8.6
Stealth        | 1 2 |  2.0
Throwing       | 1 |  1.3

Action                   |  1- 3 |  4- 6 |  7- 9 || total
-------------------------+-------+-------+-------++-------
Melee: Falchion          |    88 |   232 |   325 ||   645
       Tailslap          |    13 |    25 |    58 ||    96
       Punch             |     1 |     5 |     8 ||    14
Throw: Stone             |       |     1 |    17 ||    18
Invok: Berserk           |       |     1 |     1 ||     2
       Trog's Hand       |       |     1 |     1 ||     2
 Abil: Breathe Steam     |       |       |     5 ||     5
  Use: Scroll            |     2 |     5 |     1 ||     8
       Potion            |       |     2 |     3 ||     5
 Stab: Sleeping          |     1 |     1 |       ||     2
Armor: Skin              |    31 |    96 |    64 ||   191
Dodge: Dodged            |    73 |   181 |   290 ||   544
